 Dungeon Crawl Stone Soup version 0.31-a0-1068-g5939ac1fb6 (webtiles) character file.

Game seed: 1967495490342169514

72 CrazyBamboolord the Trooper (level 4, -2/40 HPs)
             Began as a Hill Orc Fighter on Nov 25, 2023.
             Slain by Natasha (4 damage)
             ... on level 2 of the Dungeon.
             The game lasted 00:03:01 (1534 turns).

CrazyBamboolord the Trooper (Hill Orc Fighter)      Turns: 1534, Time: 00:03:03

Health: -2/40      AC:  7    Str: 19    XL:     4   Next: 26%
Magic:  4/4        EV: 10    Int: 12    God:
Gold:   50         SH:  0    Dex:  9    Spells: 3/3 levels left

rFire   . . .        g - +0 executioner's axe
rCold   . . .        (shield currently unavailable)
rNeg    . . .        b - +0 scale mail
rPois   .            (helmet currently unavailable)
rElec   .            (cloak currently unavailable)
rCorr   .            (gloves currently unavailable)
SInv    .            (boots currently unavailable)
Will    .....        (no amulet) Stlth
                     j - ring of wizardry
HPRegen 0.26/turn    (no ring)
MPRegen 0.09/turn

%: wizardry (x1)
@: beast-form, slowed, very slow
A: beast (slay +0), clever 1, sense surroundings 1, sturdy frame 1
a: Begin Untransformation


You were on level 2 of the Dungeon.
You were a hulking beast.
You visited 1 branch of the dungeon, and saw 2 of its levels.

You collected 50 gold pieces.

Inventory:

Hand Weapons
 g - a +0 executioner's axe (weapon)
Armour
 b - a +0 scale mail (worn)
 c - a +0 buckler
Jewellery
 j - a ring of wizardry (left hand)
 q - a +5 ring of evasion
Talismans
 k - a beast talisman (active)
Scrolls
 e - 2 scrolls of teleportation {unknown}
 f - 2 scrolls of identify {unknown}
 i - 2 scrolls of revelation {unknown}
 l - a scroll of blinking {unknown}
 n - a scroll of enchant weapon {unknown}
 p - a scroll of brand weapon {unknown}
Potions
 d - a potion of might
 h - a potion of magic {unknown}
 m - a potion of mutation
 o - a potion of berserk rage {unknown}


   Skills:
 + Level 4.2 Fighting
 + Level 3.7 Axes
 + Level 4.0 Armour
 - Level 3.5 Shields
 + Level 0.8 Shapeshifting


You had 3 spell levels left.
You didn't know any spells.
Your spell library contained the following spells:

 Spells                   Type           Power      Damage    Failure   Level
 Freeze                   Ice            0%         1d3       26%         1
 Frozen Ramparts          Ice            0%         1d1       58%         3
 Hailstorm                Conj/Ice       0%         3d3       58%         3


Dungeon Overview and Level Annotations

Branches:
Dungeon (2/15)

Altars:

Annotations:
D:2 Natasha


Innate Abilities, Weirdness & Mutations

You are a hulking beast.
Your limbs bulge with bestial killing power. (Slay +0)
Your mind is acute. (Int +4, Str/Dex -1)
You passively map a small area around you.
Your movements are slightly less encumbered by armour. (ER -2)


Message History

You closely miss the cerulean imp.
You feel less invigorated.
You feel less confused.
The cerulean imp hits you but does no damage. x2
Natasha misses you.
The cerulean imp hits you with a +1 spear.
* * * LOW HITPOINT WARNING * * *
The cerulean imp hits you from afar with a +1 spear.
* * * LOW HITPOINT WARNING * * *
The cerulean imp hits you but does no damage.
Natasha stares at you and mumbles some strange words.
You feel as though you will be slow longer.
The cerulean imp barely misses you. The cerulean imp closely misses you.
You completely miss Natasha.
Natasha is almost dead.
You slash the cerulean imp! The cerulean imp barely misses you.
Natasha barely misses you.
The cerulean imp hits you but does no damage.
The cerulean imp barely misses you.
The cerulean imp hits you but does no damage.
Natasha stares at you and mumbles some strange words.
You feel as though you will be slow longer.
The cerulean imp closely misses you.
The cerulean imp hits you from afar with a +1 spear.
* * * LOW HITPOINT WARNING * * *
The cerulean imp hits you but does no damage.
Natasha claws you but does no damage.
You closely miss Natasha.
Natasha is almost dead.
You slash the cerulean imp!
You kill the cerulean imp!
The cerulean imp disappears in a puff of smoke!
The cerulean imp barely misses you.
The cerulean imp hits you but does no damage.
Natasha closely misses you. The cerulean imp barely misses you.
The cerulean imp hits you but does no damage.
Natasha howls an incantation.
Natasha glows brightly for a moment.
Natasha claws you.
You die...
Natasha begins licking her fur clean.

########## * *
#........#####*
#........##..,, , ,
#........##.# * ,
####........##.########
...'.................>#.
####..............5.....
*
................§h......
................h.5.....
, *
....##'#####..#####.....
,, ....##.# #....# ,,...
######.# ♣....♣ ** . ,
#.# ♣...♣♣ ,, *' #.#
♣♣.♣♣ #.# .♣♣ * #######
#####.# ♣ #. #.....#
#.....# #. ###†###.#


You could see Natasha and 2 cerulean imps.

Vanquished Creatures
  Natasha (D:2)
  An adder (D:2)
  A dart slug (D:1)
  3 ball pythons
  4 endoplasms
  2 goblins
  4 hobgoblins
  5 jackals
  A quokka (D:2)
  3 bats (D:1)
  5 frilled lizards
  3 kobolds
  3 rats
36 creatures vanquished.

Notes
Turn   | Place    | Note
-------+----------+-------------------------------------------
     0 | D:1      | CrazyBamboolord the Hill Orc Fighter began the quest for
                  | the Orb.
     0 | D:1      | Reached XP level 1. HP: 19/19 MP: 1/1
   171 | D:1      | Reached XP level 2. HP: 27/27 MP: 2/2
  1018 | D:2      | Reached XP level 3. HP: 28/33 MP: 3/3
  1135 | D:2      | Noticed Natasha
  1143 | D:2      | Killed Natasha
  1170 | D:2      | Reached XP level 4. HP: 19/40 MP: 4/4
  1521 | D:2      | Noticed Natasha
  1527 | D:2      | HP: 1/40 [Natasha/magic dart (7)]
  1529 | D:2      | Gained mutation: Your movements are slightly less
                  | encumbered by armour. (ER -2) [potion of mutation]
  1529 | D:2      | Gained mutation: Your mind is acute. (Int +4, Str/Dex -1)
                  | [potion of mutation]
  1529 | D:2      | Gained mutation: You passively map a small area around you.
                  | [potion of mutation]
  1533 | D:2      | HP: 1/40 [cerulean imp/+1 spear[Natasha] (2)]
  1534 | D:2      | Slain by Natasha

Illustrated notes

Levels and vault maps discovered:
D:1:      psy_arrival_conway, layout_basic
D:2:      minmay_wonky_spiral, layout_basic, uniq_crazy_yiuf_cottage,
          uniq_natasha

Skill      XL: |  1  2  3  4 |
---------------+-------------+-----
Axes           | 3 |  3.7
Fighting       | 4 |  4.2
Armour         | 4 |  4.0
Shields        | |  3.5
Shapeshifting  | |  0.8

Action                     |  1- 3 |  4- 6 || total
---------------------------+-------+-------++-------
  Melee: Executioner's axe |    91 |    39 ||   130
         War axe           |     6 |       ||     6
    Use: Potion            |       |     2 ||     2
 Armour: Scale mail        |   100 |    75 ||   175
  Dodge: Dodged            |    91 |    47 ||   138
   Form: Beast             |     1 |       ||     1

Table legend: (Time is in decaauts)
 A = Elapsed time spent in this place.
 B = Non-inter-level travel time spent in this place.
 C = Inter-level travel time spent in this place.
 D = Time resting spent in this place.
 E = Time spent auto-exploring this place.
 F = Levels seen in this place.
 G = Mean time per level.
                   A        B        C        D        E       F      G
               +--------+--------+--------+--------+--------+-----+--------+
         Total |   1644 |   1602 |     42 |     17 |   1210 |   2 |  822.0 |
       Dungeon |   1644 |   1602 |     42 |     17 |   1210 |   2 |  822.0 |
               +--------+--------+--------+--------+--------+-----+--------+

Top non-repeatable levels by time:
     D:1: 1021 daAuts
     D:2: 622 daAuts
